 Dungeon Crawl Stone Soup version 0.29-a0-1033-gb6c65ffae6 (webtiles) character file.

Game seed: 14045485205312626451

109 xian the Trooper (level 4, 0/40 HPs)
             Began as a Draconian Fighter on Aug 15, 2022.
             Was a Believer of Makhleb.
             Killed by divine providence
             ... invoked by an orc priest
              (7 damage)
             ... on level 4 of the Dungeon.
             The game lasted 00:06:28 (3050 turns).

xian the Trooper (Draconian Fighter)                Turns: 3050, Time: 00:06:29

Health: 0/40       AC:  5    Str: 26    XL:     4   Next: 60%
Magic:  4/4        EV: 12    Int:  8    God:    Makhleb [**....]
Gold:   167        SH:  0    Dex: 11    Spells: 3/3 levels left

rFire   . . .      SeeInvis .   a - +0 long sword
rCold   . . .      Faith    .   b - +0 buckler
rNeg    . . .      Spirit   .   (body armour unavailable)
rPois   .          Reflect  .   (helmet restricted)
rElec   .          Harm     .   (no cloak)
rCorr   .          Rampage  .   (no gloves)
Will    .....                   (no boots)
Stlth   +.........              (no amulet)
HPRegen 0.13/turn               r - +6 ring of strength
MPRegen 0.09/turn               (no ring)

@: confused, brilliant, ambrosia-drunk, attractive
A: AC +5, unfitting armour, cold-blooded
a: Renounce Religion, Minor Destruction


You were on level 4 of the Dungeon.
You worshipped Makhleb.
Makhleb was pleased with you.
You visited 1 branch of the dungeon, and saw 4 of its levels.

You collected 167 gold pieces.

Inventory:

Hand Weapons
 a - a +0 long sword (weapon)
Missiles
 k - 2 throwing nets (quivered)
Armour
 b - a +0 buckler (worn)
Jewellery
 r - a +6 ring of strength (left hand)
Wands
 p - a wand of mindburst (7)
Scrolls
 g - a scroll of magic mapping {unknown}
 h - 2 scrolls of teleportation {unknown}
 i - 4 scrolls of identify {unknown}
 m - a scroll of noise {unknown}
 o - a scroll of blinking {unknown}
 q - a scroll of poison {unknown}
Potions
 c - 3 potions of might
 d - a potion of curing {unknown}
 f - a potion of brilliance
 j - a potion of magic
 l - a potion of attraction
 n - a potion of heal wounds {unknown}


   Skills:
 + Level 4.1 Fighting
 + Level 3.0 Long Blades
 + Level 3.4 Dodging
 + Level 0.4 Stealth
 + Level 3.5 Shields


You had 3 spell levels left.
You didn't know any spells.
Your spell library contained the following spells:

 Spells                   Type           Power      Damage    Failure   Level
 Magic Dart               Conj           0%         1d3       50%         1
 Searing Ray              Conj           0%         2d4       65%         2
 Animate Dead             Necr           0%         N/A       99%         4
 Fulminant Prism          Conj/Hex       0%         3d6       99%         4
 Iskenderun's Mystic Bla  Conj/Tloc      0%         2d3       99%         4
 Borgnjor's Vile Clutch   Necr/Erth      0%         N/A       100%        5
 Lee's Rapid Deconstruct  Erth           0%         3d5*      100%        5
 Death Channel            Necr           0%         N/A       100%        6


Dungeon Overview and Level Annotations

Branches:
Dungeon (4/15)
 Temple: D:4-7

Altars:
Makhleb


Innate Abilities, Weirdness & Mutations

Your plain brown scales are hard. (AC +5)
You cannot fit into any form of body armour.
You are cold-blooded and may be slowed by cold attacks.


Message History

Pain shoots through your body!
The orc hits you with a +1 mace of holy wrath.
Unknown command.
You hit the orc priest but do no damage.
The orc priest is almost dead.
The orc priest misses you. You block the orc's attack.
Unknown command.
You barely miss the orc priest.
The orc priest is almost dead.
The orc priest mumbles some strange prayers to Beogh against you.
Pain shoots through your body!
* * * LOW HITPOINT WARNING * * *
You block the orc's attack.
The orc priest hits you but does no damage.
The orc hits you with a +1 mace of holy wrath.
* * * LOW HITPOINT WARNING * * *
The orc attacks as you move away! The orc misses you.
The orc priest attacks as you move away!
The orc priest hits you with a +0 dagger.
* * * LOW HITPOINT WARNING * * *
A gnoll bouda comes into view. It is wielding a +0 hand axe.
A gnoll comes into view. It is wielding a +0 club.
The gnoll bouda moves out of view.
It was a potion of magic.
Magic courses through your body.
The orc priest hits you with a +0 dagger.
* * * LOW HITPOINT WARNING * * *
Unknown command.
It was a potion of attraction.
You feel attractive to monsters.
The orc priest hits you but does no damage.
Unknown command.
It was a potion of brilliance.
You feel clever all of a sudden. The gnoll is attracted toward you.
It was a potion of ambrosia.
You are confused.
You feel invigorated. The gnoll closely misses you.
The orc priest invokes the aid of Beogh against you.
Beogh smites you!
You die...

..... #... ..####
..... ...# #.....
.....# ....# ######
...... ... #.
.ยง..## ... ######.
...# #.# #......
#g##oo# #......
#.@oo########......
#.#####............
#.##....#####......
#....##############
#..#........# ####
#.#####.[...####...
### #..........##
######.....######
.....#.....#


You could see an orc priest, a gnoll and 3 orcs.

Vanquished Creatures
  A gnoll (D:4)
  2 adders
  3 worms
  4 dart slugs
  2 orcs
  3 endoplasms
  4 giant cockroaches
  7 hobgoblins
  11 kobolds
  4 quokkas
  3 ball pythons
  6 bats
  3 frilled lizards
  7 goblins
  4 rats
64 creatures vanquished.

Notes
Turn   | Place    | Note
-------+----------+-------------------------------------------
     0 | D:1      | xian the Draconian Fighter began the quest for the Orb.
     0 | D:1      | Reached XP level 1. HP: 19/19 MP: 1/1
   352 | D:1      | Reached XP level 2. HP: 23/26 MP: 2/2
   966 | D:2      | Found a faded altar of an unknown god.
   987 | D:2      | Prayed at the altar of an unknown god.
   987 | D:2      | Became a worshipper of Makhleb the Destroyer
   987 | D:2      | Reached * piety under Makhleb
  1137 | D:2      | Reached XP level 3. HP: 25/33 MP: 3/3
  1609 | D:3      | Reached skill level 4 in Fighting
  1903 | D:3      | Reached XP level 4. HP: 40/40 MP: 4/4
  1930 | D:3      | Reached ** piety under Makhleb
  3047 | D:4      | HP: 2/40 [orc priest/+0 dagger (1)]
  3050 | D:4      | Killed from afar by an orc priest

Illustrated notes

Levels and vault maps discovered:
D:1:      nzn_arrival_water_spiral, layout_basic, nicolae_eternal_life
D:2:      layout_loops_ring, hellmonk_ecumenical_altar_pennies_from_heaven
D:3:      layout_basic, chequers_serial_rivers_small_a, minmay_cut_off
D:4:      layout_rooms, palyth_temple_overflow_mages, lightli_temple_of_fire

Skill      XL: |  1  2  3  4 |
---------------+-------------+-----
Dodging        | 3 |  3.4
Fighting       | 4 |  4.1
Long Blades    | 3 |  3.0
Stealth        | |  0.4
Shields        | |  3.5

Action                   |  1- 3 |  4- 6 || total
-------------------------+-------+-------++-------
Melee: Long sword        |   140 |    76 ||   216
       Tailslap          |     9 |     5 ||    14
  Use: Potion            |       |     4 ||     4
Armor: Skin              |    54 |    27 ||    81
Dodge: Dodged            |   115 |    52 ||   167
Block: Buckler           |    40 |    25 ||    65

Table legend: (Time is in decaauts)
 A = Elapsed time spent in this place.
 B = Non-inter-level travel time spent in this place.
 C = Inter-level travel time spent in this place.
 D = Time resting spent in this place.
 E = Time spent auto-exploring this place.
 F = Levels seen in this place.
 G = Mean time per level.
                   A        B        C        D        E       F      G
               +--------+--------+--------+--------+--------+-----+--------+
         Total |   3134 |   3069 |     65 |    240 |   2155 |   4 |  783.5 |
       Dungeon |   3134 |   3069 |     65 |    240 |   2155 |   4 |  783.5 |
               +--------+--------+--------+--------+--------+-----+--------+

Top non-repeatable levels by time:
     D:3: 990 daAuts
     D:1: 922 daAuts
     D:2: 702 daAuts
     D:4: 519 daAuts
